 Dungeon Crawl Stone Soup version 0.25.1-8-g42b30a86e7 (webtiles) character file.

Game seed: 903159943253670138

1606 zeroc00l the Jinx (level 8, -2/60 HPs)
             Began as a Vampire Enchanter on Dec 15, 2020.
             Was an Initiate of Dithmenos.
             Slain by a hippogriff (6 damage)
             ... on level 8 of the Dungeon.
             The game lasted 00:30:57 (5916 turns).

zeroc00l the Jinx (Vampire Enchanter)               Turns: 5916, Time: 00:30:59

Health: -2/60      AC:  5    Str:  7    XL:     8   Next: 63%
Magic:  12/12      EV: 13    Int: 21    God:    Dithmenos [......]
Gold:   323        SH:  0    Dex: 16    Spells: 1/13 levels left

rFire    . . .     SeeInvis +   a - +1 short sword (venom)
rCold    . . .     Gourm    .   (no shield)
rNeg     + . .     Faith    .   r - +0 leather armour
rPois    .         Spirit   .   (no helmet)
rElec    .         Reflect  .   (no cloak)
rCorr    .         Harm     .   (no gloves)
MR       .....                  m - +1 pair of boots
Stlth    +++.......             k - amulet of magic regeneration
HPRegen  0.40/turn              t - ring "Plog" {*Contam +Fly rN+ Int+3}
MPRegen  0.38/turn              (no ring)

@: regenerating quickly
A: no food, fangs 3, see invisible, unbreathing
a: Exsanguinate, Renounce Religion, Evoke Flight


You were on level 8 of the Dungeon.
You worshipped Dithmenos.
Dithmenos was noncommittal.
You were alive.

You visited 1 branch of the dungeon, and saw 7 of its levels.

You collected 323 gold pieces.

Inventory:

Hand Weapons
 a - a +1 short sword of venom (weapon)
 b - a +1 dagger of protection
Missiles
 f - 6 javelins (quivered)
 o - 6 poisoned darts
Armour
 i - a +0 kite shield
 m - a +1 pair of boots (worn)
 r - a +0 leather armour (worn)
 u - a +3 ring mail of cold resistance
Jewellery
 k - an amulet of magic regeneration (around neck)
 t - the ring "Plog" (left hand) {*Contam +Fly rN+ Int+3}
   (You found it on level 5 of the Dungeon)

   [ring of flight]

   It affects your intelligence (+3).
   It protects you from negative energy.
   It lets you fly.
   It causes magical contamination when unequipped.
Scrolls
 d - 3 scrolls of remove curse
 e - a scroll of amnesia {unknown}
 h - 3 scrolls of identify
 s - 2 scrolls of enchant armour
Potions
 c - a potion of resistance {unknown}
 g - 3 potions of magic
 j - 2 potions of mutation {unknown}
 l - a potion of curing
 n - a potion of heal wounds {unknown}
 p - 3 potions of degeneration {unknown}
 q - 3 potions of haste {unknown}


   Skills:
 + Level 3.8 Fighting
 + Level 6.0 Short Blades
 - Level 4.0 Dodging
 - Level 5.0 Stealth
 - Level 3.2 Spellcasting
 - Level 9.0 Hexes
 * Level 4.0 Ice Magic


You had one spell level left.
You knew the following spells:

 Your Spells              Type           Power        Failure   Level  Hunger
a - Corona                Hex            #####..      1%          1    N/A
b - Ensorcelled Hibernat  Hex/Ice        ####..       1%          2    N/A
c - Tukima's Dance        Hex            #####...     1%          3    N/A
d - Confusing Touch       Hex            #####...     1%          3    N/A
e - Dazzling Flash        Conj/Hex       ###...       9%          3    N/A

Your spell library contained the following spells:

 Spells                   Type           Power        Failure   Level  Hunger


Dungeon Overview and Level Annotations

Branches:
Dungeon (8/15)
 Temple: D:4-7         Lair: D:8-11

Altars:
Dithmenos
Qazlal
Sif Muna
Uskayaw
Xom
Yredelemnul

Annotations:
D:5 tsbored's ghost, amateur DDFi
D:7 Harold


Innate Abilities, Weirdness & Mutations

You do not eat.
Your natural rate of healing is unusually fast.
You have razor-sharp teeth.
You have supernaturally acute eyesight. (SInv)
You can survive without breathing.


Message History

The hippogriff pecks you but does no damage.
The hippogriff claws you.
* * * LOW HITPOINT WARNING * * *
It was a potion of curing.
You feel better. The hippogriff misses you. The hippogriff pecks you.
* * * LOW HITPOINT WARNING * * *
The hippogriff claws you.
* * * LOW HITPOINT WARNING * * *
You feel better. The hippogriff bites you.
* * * LOW HITPOINT WARNING * * *
The hippogriff pecks you!
* * * LOW HITPOINT WARNING * * *
The hippogriff claws you but does no damage.
You hit the hippogriff.
The hippogriff looks as sick as possible!
The hippogriff is severely wounded.
The hippogriff bites you.
* * * LOW HITPOINT WARNING * * *
The hippogriff barely misses you. The hippogriff claws you.
You die...

.#..#.# #...# #.##.##.##....
.#.##.# #...# #.##†##.######
......# #...# #.##.##.##....
##.#### ##...## #.##.##.##.###
#.# #.....# #.##.##.##.#..
##.#######.###.# #.......##.#.#
.......##(#.##.# ####.#####.#.#
#..###.###.###.########...###....
######.###......@Ho.o####.......#
.##.....##.###.#####.# #########
†.#.##............##.###
#.#....###.###.##...o<†####
#...#.## #...#[[.[..).....#
....#.# ###.#..###..#.##.#
....#.# ###.#.......#.##.#
.#.##.# #......##.....##.#
.#.##.# #...>..##...####.#


You could see a hippogriff (extremely poisoned), an orc warrior and an orc.

Vanquished Creatures
  An orc warrior (D:8)
  A sky beast (D:8)
  3 ogres
  2 scorpions (D:8)
  A crimson imp (D:5)
  3 hounds
  4 orc priests
  6 orc wizards
  A bullfrog skeleton (D:4)
  4 iguanas
  Terence (D:2)
  6 worker ants
  Natasha (thrice) (D:3)
  A hound zombie (D:5)
  A howler monkey zombie (D:8)
  6 adders
  4 gnolls (D:4)
  A shadow imp (D:8)
  2 oozes
  An adder skeleton (D:5)
  A worm (D:3)
  6 leopard geckos
  27 orcs
  5 giant cockroaches
  9 goblins
  7 hobgoblins
  10 kobolds
  5 ball pythons
  8 bats
  3 frilled lizards (D:2)
  A jackal skeleton (D:4)
  A quokka skeleton (D:8)
  6 rats
141 creatures vanquished.

Vanquished Creatures (others)
  A dancing weapon (D:7)
1 creature vanquished.

Grand Total: 142 creatures vanquished

Notes
Turn   | Place    | Note
-------+----------+-------------------------------------------
     0 | D:1      | zeroc00l the Vampire Enchanter began the quest for the Orb.
     0 | D:1      | Reached XP level 1. HP: 13/13 MP: 3/3
   194 | D:1      | Reached XP level 2. HP: 8/19 MP: 3/5
   310 | D:1      | Learned a level 2 spell: Ensorcelled Hibernation
   942 | D:2      | Reached XP level 3. HP: 24/24 MP: 4/6
   947 | D:2      | Learned a level 3 spell: Tukima's Dance
   977 | D:2      | Reached skill level 5 in Stealth
  1143 | D:2      | Noticed Terence
  1161 | D:2      | Reached skill level 5 in Hexes
  1187 | D:2      | Killed Terence
  1187 | D:2      | Reached skill level 1 in Ice Magic
  1278 | D:2      | Found a stormy altar of Qazlal.
  1287 | D:2      | Reached XP level 4. HP: 11/30 MP: 3/7
  2014 | D:3      | Found a shimmering altar of Xom.
  2014 | D:3      | Found a shimmering altar of Xom.
  2015 | D:3      | Found a shimmering altar of Xom.
  2015 | D:3      | Found a shimmering altar of Xom.
  2017 | D:3      | Found a shimmering altar of Xom.
  2112 | D:3      | Noticed Natasha
  2115 | D:3      | Killed Natasha
  2115 | D:3      | Reached XP level 5. HP: 35/35 MP: 8/8
  2233 | D:3      | Noticed Natasha
  2239 | D:3      | Killed Natasha
  2304 | D:3      | Noticed Natasha
  2359 | D:3      | Killed Natasha
  2456 | D:3      | Reached skill level 6 in Hexes
  2727 | D:3      | Reached XP level 6. HP: 37/41 MP: 5/9
  3068 | D:3      | Learned a level 3 spell: Confusing Touch
  3421 | D:4      | Reached skill level 1 in Fighting
  3421 | D:4      | Reached skill level 7 in Hexes
  3750 | D:4      | Reached XP level 7. HP: 48/48 MP: 8/10
  4237 | D:4      | Learned a level 3 spell: Dazzling Flash
  4421 | D:5      | Entered Level 5 of the Dungeon
  4476 | D:5      | Got a coiled turquoise ring
  4477 | D:5      | Identified the ring "Plog" {*Contam +Fly rN+ Int+3} (You
                  | found it on level 5 of the Dungeon)
  4733 | D:5      | Noticed tsbored's ghost (amateur DDFi)
  4743 | D:5      | Reached skill level 5 in Short Blades
  4748 | D:5      | You fall into a shaft and drop 3 floors!
  4770 | D:8      | Reached XP level 8. HP: 56/57 MP: 7/12
  4868 | D:8      | Reached skill level 8 in Hexes
  5010 | D:8      | Found a hide-covered altar of Uskayaw.
  5013 | D:8      | Found a basalt altar of Yredelemnul.
  5016 | D:8      | Found a shimmering blue altar of Sif Muna.
  5468 | D:8      | Found a shadowy altar of Dithmenos.
  5484 | D:8      | Became a worshipper of Dithmenos the Shadowed
  5845 | D:7      | Noticed Harold
  5846 | D:7      | Noticed a hippogriff
  5860 | D:8      | Reached skill level 9 in Hexes
  5916 | D:8      | Slain by a hippogriff

Illustrated notes

Levels and vault maps discovered:
D:1:      sevenhm_arrival_forest_fort_small_4, layout_loops_ring
D:2:      layout_loops_ring, nicolae_qazlal_eye_of_the_storm, uniq_terence
D:3:      layout_loops_corners, xom_redecorated, uniq_natasha
D:4:      layout_loops_ring, first_ration, minmay_distorted
D:5:      layout_gridville, fedhas_altar_2, old_standard_altar,
          gammafunk_ghost_hive
D:7:      layout_cave_pools, kennysheep_little_box, uniq_crazy_yiuf_cottage,
          uniq_maggie, uniq_duvessa, uniq_joseph, uniq_pikel, uniq_harold
D:8:      layout_loops_cross, grunt_temple_overflow_diamond,
          nicolae_dithmenos_through_a_glass_darkly

Skill      XL: |  1  2  3  4  5  6  7  8 |
---------------+-------------------------+-----
Stealth        | 5 |  5.0
Hexes          | 5 6 7 9 |  9.0
Short Blades   | 2 3 4 5 6 |  6.0
Dodging        | 3 4 |  4.0
Ice Magic      | 1 2 3 4 |  4.0
Fighting       | 1 2 3 |  3.8
Spellcasting   | 3 |  3.2

Action                   |  1- 3 |  4- 6 |  7- 9 || total
-------------------------+-------+-------+-------++-------
Melee: Dagger            |    27 |       |    95 ||   122
       Bite              |     2 |     8 |    29 ||    39
       Short sword       |    83 |   139 |   126 ||   348
Throw: Javelin           |       |     4 |     7 ||    11
 Cast: Corona            |    15 |    22 |    13 ||    50
       Ensorcelled Hiber |     6 |    25 |    51 ||    82
       Tukima's Dance    |       |       |     2 ||     2
       Confusing Touch   |       |       |     1 ||     1
  Use: Potion            |       |     1 |     2 ||     3
       Scroll            |       |       |     5 ||     5
 Stab: Sleeping          |    14 |    31 |    27 ||    72
Armor: Robe              |    24 |    19 |       ||    43
       Leather armour    |       |     3 |    34 ||    37
Dodge: Dodged            |    97 |    87 |   128 ||   312
